 Dungeon Crawl Stone Soup version 0.21-a0-2-ge494091 (webtiles) character file.

145 Chiseanne the Skirmisher (level 5, -1/42 HPs)
             Began as a Minotaur Chaos Knight on May 21, 2017.
             Slain by Menkaure (18 damage)
             ... on level 4 of the Dungeon.
             The game lasted 00:05:13 (2484 turns).

Chiseanne the Skirmisher (Minotaur Chaos Knight)    Turns: 2484, Time: 00:05:14

Health: -1/42      AC:  5    Str: 15    XL:     5   Next: 6%
Magic:  4/4        EV:  9    Int:  7    God:    Xom [...*..]
Gold:   88         SH:  7    Dex: 10    Spells: 4/4 levels left

rFire    . . .     SeeInvis .   l - -2 long sword (curse)
rCold    . . .     Gourm    .   n - +0 shield
rNeg     + . .     Faith    .   b - +2 leather armour
rPois    .         Spirit   .   (helmet restricted)
rElec    .         Reflect  .   (no cloak)
rCorr    .         Harm     .   (no gloves)
MR       .....                  (no boots)
Stlth    +.........             (no amulet)
Regen    0.2/turn               h - ring of positive energy
MPRegen  0.1/turn               (no ring)

@: no status effects
A: retaliatory headbutt, horns 2, dopey 1, frail 1, high mp 1, weak 1
a: Renounce Religion


You were on level 4 of the Dungeon.
You worshipped Xom.
You were a favourite toy of Xom.
You were not hungry.

You visited 1 branch of the dungeon, and saw 4 of its levels.

You collected 88 gold pieces.

Inventory:

Hand Weapons
 a - a +0 hand axe of chaos
 l - a cursed -2 long sword (weapon)
 s - a +0 dagger of venom
Missiles
 d - 74 stones (quivered)
 e - 35 arrows
 j - 21 sling bullets
 u - 19 poisoned needles
 v - 20 bolts
Armour
 b - a +2 leather armour (worn)
 n - a +0 shield (worn)
Magical Staves
 k - an uncursed staff of air {unknown}
Jewellery
 h - a ring of positive energy (left hand)
Scrolls
 g - 2 scrolls of fear
 o - a scroll of identify
Potions
 i - a potion of might {unknown}
 p - a potion of mutation {unknown}
 t - a potion of haste {unknown}
 w - a potion of berserk rage {unknown}
Comestibles
 c - 3 bread rations
 f - 2 meat rations
 m - a royal jelly


   Skills:
 * Level 4.5 Fighting
 - Level 4.2 Axes
 * Level 3.7 Armour
 * Level 2.9 Dodging
 * Level 1.6 Shields


You had 4 spell levels left.
You didn't know any spells.

Dungeon Overview and Level Annotations

Branches:
Dungeon (4/15)
 Temple: D:4-7

Altars:
Elyvilon
Gozag
Ru
Uskayaw
Vehumet
Xom
Yredelemnul

Shops:
D:4 *

Annotations:
D:4 Menkaure


Innate Abilities, Weirdness & Mutations

You reflexively headbutt those who attack you in melee.
You have a pair of horns on your head.
You are dopey. (Int -2)
You are frail. (-10% HP)
You have an increased reservoir of magic. (+10% MP)
You are weak. (Str -2)


Message History

You are now a favourite toy of Xom.
Menkaure, Prince of Dust comes into view.
Menkaure shouts!
Wield which item (- for none, * to show all)? (? for menu, Esc to quit)
Your +0 dagger of venom stops dripping with poison.
It sticks to your hand!
l - a cursed -2 long sword (weapon)
Menkaure gestures at you while chanting.
You are unaffected.
Okay, then.
Menkaure hits you!
You hit Menkaure but do no damage. You headbutt Menkaure!
Menkaure is moderately damaged.
Menkaure barely misses you.
Your shield prevents you from hitting Menkaure.
Menkaure is moderately damaged.
Menkaure calls on the powers of darkness!
Your body is wracked with pain!
Menkaure hits you!!
You die...
Xom giggles madly!

##### #...
#####.####
##........#
#...##.##....
#.###.#@# . #
#.#M#
#.###.#..
#...#####
###.# #.#
####.# #....#
#.####


You could see Menkaure.

Vanquished Creatures
  Jessica (D:3)
  7 adders
  An orc (D:4)
  2 giant cockroaches (D:2)
  4 goblins
  7 hobgoblins
  6 jackals (D:2)
  4 quokkas
  9 bats
  7 frilled lizards
  4 kobolds
  3 rats
55 creatures vanquished.

Notes
Turn   | Place    | Note
-------+----------+-------------------------------------------
     0 | D:1      | Chiseanne the Minotaur Chaos Knight began the quest for the Orb.
     0 | D:1      | Reached XP level 1. HP: 19/19 MP: 0/0
   213 | D:1      | You fall through a shaft!
   214 | D:2      | XOM: potion effect (might)
   271 | D:2      | Reached XP level 2. HP: 27/27 MP: 1/1
   299 | D:2      | XOM: silly message
   302 | D:2      | XOM: silly message
   390 | D:2      | XOM is BORED!
   390 | D:2      | Found a radiant altar of Vehumet.
   390 | D:2      | Found a sacrificial altar of Ru.
   390 | D:2      | Found a hide-covered altar of Uskayaw.
   390 | D:2      | Found a basalt altar of Yredelemnul.
   390 | D:2      | XOM: 1-stop teleportation journey
   413 | D:3      | XOM: mild Conj miscast
   702 | D:3      | Reached XP level 3. HP: 27/33 MP: 2/2
  1022 | D:2      | Found a faded altar of an unknown god.
  1209 | D:2      | XOM: 2-stop teleportation journey
  1331 | D:2      | Reached XP level 4. HP: 40/40 MP: 3/3
  1355 | D:2      | XOM: silly message
  1569 | D:2      | XOM: mild Tloc miscast
  1655 | D:2      | XOM: give mutations
  1655 | D:2      | Gained mutation: You are frail. (-10% HP) [Xom's mischief]
  1655 | D:2      | Gained mutation: You are very frail. (-20% HP) [Xom's mischief]
  1655 | D:2      | Gained mutation: You are dopey. (Int -2) [Xom's mischief]
  1678 | D:2      | Found an opulent altar of Gozag.
  1678 | D:2      | Found a white marble altar of Elyvilon.
  1678 | D:2      | Found a shimmering altar of Xom.
  1705 | D:2      | XOM: summons 2 hostile demons
  2111 | D:3      | Noticed Jessica
  2111 | D:3      | Reached skill level 1 in Shields
  2122 | D:3      | Killed Jessica
  2173 | D:3      | Reached XP level 5. HP: 37/37 MP: 4/4
  2257 | D:4      | Found Yhetyen's Assorted Antiques.
  2434 | D:4      | XOM: give mutations
  2434 | D:4      | Lost mutation: You are very frail. (-20% HP) [Xom's mischief]
  2434 | D:4      | Gained mutation: You are weak. (Str -2) [Xom's mischief]
  2434 | D:4      | Gained mutation: You have an increased reservoir of magic. (+10% MP) [Xom's mischief]
  2479 | D:4      | Noticed Menkaure
  2484 | D:4      | Slain by Menkaure

Vault maps used:
D:1:      lightli_arrival_isolated_outpost
D:2:      grunt_temple_overflow_open, gammafunk_temple_overflow_claw,
          first_bread, chequers_ecumenical_altar_simple
D:3:      dk_noncrumbling_2, uniq_jessica
D:4:      temple_doors_e, serial_shops, shop, nicolae_shop_overgrown_old_shop,
          nicolae_shop_overgrown_old_shop, kennysheep_mini,
          grunt_dithmenos_smoke, uniq_natasha, uniq_menkaure

Skill      XL: |  1  2  3  4 |
---------------+-------------+-----
Axes           | 4 |  4.2
Fighting       | 4 |  4.5
Dodging        | 2 |  2.9
Armour         | 3 |  3.7
Shields        | 1 |  1.6

Action                   |  1- 3 |  4- 6 || total
-------------------------+-------+-------++-------
Melee: Hand axe          |    32 |       ||    32
       Headbutt          |    12 |     9 ||    21
       Dagger            |    46 |    62 ||   108
       Long sword        |       |     2 ||     2
  Use: Scroll            |     3 |     4 ||     7
       Potion            |     1 |       ||     1
  Eat: Chunk             |     1 |     4 ||     5
Armor: Leather armour    |    32 |    20 ||    52
Dodge: Dodged            |    50 |    21 ||    71
Block: Shield            |    16 |    17 ||    33
